 Dungeon Crawl Stone Soup version 0.31-a0-1589-g8f5e8aebd6 (webtiles) character file.

Game seed: 8067531998171288033

266 Atlas the Ruffian (level 6, -2/55 HPs)
             Began as a Troll Shapeshifter on Jan 6, 2024.
             Was an Initiate of Gozag.
             Slain by an orc warrior
             ... wielding a +0 scimitar
              (17 damage)
             ... on level 4 of the Dungeon.
             The game lasted 00:02:37 (2219 turns).

Atlas the Ruffian (Troll Shapeshifter)              Turns: 2219, Time: 00:02:38

Health: -2/55      AC:  6    Str: 25    XL:     6   Next: 0%
Magic:  5/5        EV: 10    Int:  6    God:    Gozag
Gold:   200        SH:  0    Dex:  9    Spells: 5/5 levels left

rFire   . .          .
                       - Unarmed
rCold   + . .        (no shield)
rNeg    . . .        f - +2 robe {rC+}
rPois   .            (helmet currently unavailable)
rElec   .            (cloak currently unavailable)
rCorr   .            (gloves unavailable)
SInv    .            (boots unavailable)
Will    .....        (no amulet)
Stlth   +            n - ring of flight
HPRegen 1.09/turn    (no ring)
MPRegen 0.09/turn

%: no passive effects
@: beast-form, flying
A: beast (slay +2), large, unfitting armour, claws 3, regeneration 1, shaggy fur
1, tough skin 1
a: Begin Untransformation, Renounce Religion, Potion Petition, Call Merchant,
Bribe Branch


You were on level 4 of the Dungeon.
You worshipped Gozag.
Gozag was aware of your devotion.
You were a hulking beast.
You visited 1 branch of the dungeon, and saw 4 of its levels.

You collected 233 gold pieces.
You paid 33 gold pieces to Gozag.

Inventory:

Missiles
 a - a throwing net
Armour
 f - a +2 robe of cold resistance (worn)
Jewellery
 n - a ring of flight (left claw)
Talismans
 c - a beast talisman
 d - a flux talisman
Wands
 l - a wand of paralysis (8)
 m - a wand of roots (1)
Scrolls
 g - a scroll of amnesia {unknown}
 k - a scroll of vulnerability {unknown}
 o - a scroll of teleportation {unknown}
 p - 2 scrolls of identify {unknown}
 q - a scroll of immolation {unknown}
Potions
 b - a potion of lignification
 e - a potion of might {unknown}
 h - a potion of curing {unknown}
 i - a potion of degeneration {unknown}
 j - a potion of brilliance {unknown}


   Skills:
 + Level 1.1 Fighting
 + Level 2.7 Dodging
 + Level 0.1 Stealth
 + Level 5.2 Unarmed Combat
 + Level 3.9 Shapeshifting


You had 5 spell levels left.
You didn't know any spells.
Your spell library contained the following spells:

 Spells                   Type           Power      Damage    Failure   Level
 Summon Small Mammal      Summ           0%         N/A       45%         1
 Lesser Beckoning         Tloc           0%         N/A       58%         2
 Sublimation of Blood     Necr           0%         N/A       58%         2
 Call Canine Familiar     Summ           0%         N/A       83%         3
 Gell's Gravitas          Tloc           0%         N/A       83%         3
 Teleport Other           Tloc           0%         N/A       83%         3
 Petrify                  Alch/Erth      0%         N/A       99%         4
 Summon Blazeheart Golem  Fire/Summ      0%         N/A       99%         4
 Irradiate                Conj/Alch      0%         3d11      100%        5


Dungeon Overview and Level Annotations

Branches:
Dungeon (4/15)
 Temple: D:4-7

Altars:
Dithmenos
Gozag
Vehumet


Innate Abilities, Weirdness & Mutations

You are a hulking beast.
Your limbs bulge with bestial killing power. (Slay +2)
You are too large for most types of armour.
You have claws for hands.
Your natural rate of healing is unusually fast.
You are covered in fur. (AC +1)
You have tough skin. (AC +1)


Message History

You closely miss the orc warrior.
The orc warrior is heavily wounded.
The orc wizard barely misses you.
The orc warrior hits you with a +0 scimitar.
The orc hits you with a +0 mace.
You claw the orc warrior!
The orc warrior is severely wounded.
The orc wizard casts a spell.
The orc wizard flickers and vanishes!
Deactivating autopickup; reactivate with Ctrl-A.
The orc warrior barely misses you.
Unknown command.
You scratch the orc warrior.
The orc warrior is almost dead.
Something hits you. The orc closely misses you.
The orc warrior hits you with a +0 scimitar!
The orc hits you but does no damage.
You completely miss the orc warrior.
The orc warrior is almost dead.
Something hits you. The orc hits you but does no damage.
The orc warrior hits you but does no damage.
The orc hits you but does no damage.
You closely miss the orc warrior.
The orc warrior is almost dead.
Something hits you. The orc closely misses you.
The orc warrior closely misses you. The orc hits you but does no damage.
You scratch the orc warrior.
The orc warrior is almost dead.
The orc barely misses you. Something hits you but does no damage.
The orc warrior hits you with a +0 scimitar.
The orc barely misses you.
You closely miss the orc warrior.
The orc warrior is almost dead.
A white imp comes into view.
Something hits you. The orc hits you with a +0 morningstar.
The orc hits you with a +0 mace.
* * * LOW HITPOINT WARNING * * *
The orc warrior hits you with a +0 scimitar!
You die...
Your body crumbles into a pile of gold.

.......5
......#
......#
.....
#...#
#...#
#oo{#
#oh.#
#...#
#..##
#...#
#...## #
#....# ##
##....#
##.
#.....##
##..
##......#
#...


You could see an orc warrior, a white imp (wandering) and 2 orcs.

Vanquished Creatures
  A scorpion (D:4)
  2 hounds (D:4)
  A bombardier beetle (D:4)
  Ijyb (D:3)
  3 adders
  2 ribbon worms
  2 orcs
  6 bats
  4 endoplasms
  5 giant cockroaches
  7 hobgoblins
  2 jackals (D:2)
  5 kobolds
  3 quokkas
  6 ball pythons
  4 goblins (D:3)
  4 rats
58 creatures vanquished.

Notes
Turn   | Place    | Note
-------+----------+-------------------------------------------
     0 | D:1      | Atlas the Troll Shapeshifter began the quest for the Orb.
     0 | D:1      | Reached XP level 1. HP: 18/18 MP: 0/0
   222 | D:1      | Reached XP level 2. HP: 26/26 MP: 1/1
   273 | D:1      | Noticed a bullfrog
   479 | D:2      | Found a shadowy altar of Dithmenos.
   721 | D:2      | Reached XP level 3. HP: 31/32 MP: 2/2
  1064 | D:2      | Found a faded altar of an unknown god.
  1325 | D:3      | Noticed Ijyb
  1338 | D:3      | Killed Ijyb
  1339 | D:3      | Reached skill level 4 in Unarmed Combat
  1339 | D:3      | Reached XP level 4. HP: 23/40 MP: 3/3
  1372 | D:3      | Found a radiant altar of Vehumet.
  1521 | D:3      | Found an opulent altar of Gozag.
  1582 | D:3      | Became a worshipper of Gozag Ym Sagoz the Greedy
  1846 | D:4      | Reached skill level 1 in Fighting
  1846 | D:4      | Reached XP level 5. HP: 46/48 MP: 4/4
  2132 | D:4      | Reached skill level 5 in Unarmed Combat
  2195 | D:4      | Reached XP level 6. HP: 55/55 MP: 5/5
  2207 | D:4      | Noticed an orc warrior
  2219 | D:4      | Slain by an orc warrior

Illustrated notes

Levels and vault maps discovered:
D:1:      evilmike_arrival_come_back, layout_rooms
D:2:      layout_basic, serial_co_window_serial, co_window_paths_b,
          co_window_of_opportunity_a, co_window_of_opportunity_a,
          co_window_corner_a, co_window_of_opportunity_a,
          co_window_unsneaky_path_a, co_window_of_opportunity_c,
          co_window_broadway_a, co_window_paths_c, co_window_of_opportunity_b,
          co_window_2corner, co_window_2corner, basic_altar,
          dreamdust_ecumenical_altar_angels_and_demons
D:3:      layout_rooms, nicolae_vehumet_radiance, lemuel_tele_altar, uniq_ijyb
D:4:      layout_cave_pods, makhleb_blood_cavern_becter, uniq_menkaure

Skill      XL: |  1  2  3  4  5 |
---------------+----------------+-----
Dodging        | 2 |  2.7
Unarmed Combat | 4 5 |  5.2
Fighting       | 1 |  1.1
Stealth        | |  0.1
Shapeshifting  | |  3.9

Action                     |  1- 3 |  4- 6 || total
---------------------------+-------+-------++-------
  Melee: Unarmed           |    88 |    85 ||   173
         Punch             |     1 |     1 ||     2
 Armour: Robe              |    50 |    68 ||   118
         Animal skin       |     6 |       ||     6
  Dodge: Dodged            |    42 |    49 ||    91

Table legend: (Time is in decaauts)
 A = Elapsed time spent in this place.
 B = Non-inter-level travel time spent in this place.
 C = Inter-level travel time spent in this place.
 D = Time resting spent in this place.
 E = Time spent auto-exploring this place.
 F = Levels seen in this place.
 G = Mean time per level.
                   A        B        C        D        E       F      G
               +--------+--------+--------+--------+--------+-----+--------+
         Total |   2205 |   2121 |     84 |      0 |   1691 |   4 |  551.2 |
       Dungeon |   2205 |   2121 |     84 |      0 |   1691 |   4 |  551.2 |
               +--------+--------+--------+--------+--------+-----+--------+

Top non-repeatable levels by time:
     D:2: 779 daAuts
     D:3: 560 daAuts
     D:1: 476 daAuts
     D:4: 388 daAuts
